 Dungeon Crawl Stone Soup version 0.21-a0-150-gc243083 (webtiles) character file.

2792 KarmaPolice the Slasher (level 9, 0/72 HPs)
             Began as a Vampire Fighter on July 29, 2017.
             Slain by a killer bee (2 damage)
             ... on level 8 of the Dungeon.
             The game lasted 00:32:49 (9669 turns).

KarmaPolice the Slasher (Vampire Fighter)           Turns: 9669, Time: 00:32:50

Health: 0/72       AC:  0    Str: 17      XL:     9   Next: 43%
Magic:  12/12      EV: 17    Int: 10      God:
Gold:   255        SH:  0    Dex: 17 (20) Spells: 12/12 levels left

rFire    . . .     SeeInvis +   (weapon currently unavailable)
rCold    + + .     Gourm    .   (shield currently unavailable)
rNeg     + + +     Faith    .   (armour currently unavailable)
rPois    ∞         Spirit   .   (helmet currently unavailable)
rElec    .         Reflect  .   (cloak currently unavailable)
rCorr    .         Harm     .   (gloves currently unavailable)
MR       .....                  (boots currently unavailable)
Stlth    ++++......             (no amulet)
HPRegen  0.00/turn              (ring currently unavailable)
MPRegen  0.13/turn              (ring currently unavailable)

@: bat-form, flying, bloodless, non-regenerating, very quick
A: fangs 3, see invisible
a: End Transformation


You were on level 8 of the Dungeon.
You were bloodless.
You were in vampire-bat-form.
You visited 2 branches of the dungeon, and saw 9 of its levels.

You collected 320 gold pieces.
You spent 65 gold pieces at shops.

Inventory:

Hand Weapons
 a - a +0 long sword
 v - a +0 short sword of freezing
 x - a +2 whip of venom (melded)
Armour
 c - a +0 shield (melded)
 h - a +2 pair of gloves (melded)
 i - a +0 cloak (melded)
 y - a +3 scale mail (melded)
 B - a +1 helmet (melded)
Magical Staves
 K - an uncursed staff of cold {unknown}
Wands
 z - a wand of enslavement (9/24)
 C - a wand of iceblast (6/15)
 D - a wand of lightning (6/15)
 E - a wand of flame (13/48)
Scrolls
 b - 2 scrolls of fog {unknown}
 f - 2 scrolls of recharging {unknown}
 g - 2 scrolls of teleportation {unknown}
 k - 9 scrolls of identify
 m - 2 scrolls of noise {unknown}
 n - 10 scrolls of remove curse
 o - 4 scrolls of enchant armour {unknown}
 q - 4 scrolls of amnesia {unknown}
 r - a scroll of random uselessness {unknown}
 t - a scroll of magic mapping {unknown}
 w - a scroll of blinking {unknown}
 H - a scroll of immolation {unknown}
Potions
 d - a potion of might
 e - 10 potions of blood
 j - 2 potions of mutation {unknown}
 l - 4 potions of curing {unknown}
 p - 4 potions of resistance {unknown}
 s - a potion of haste {unknown}
 u - 2 potions of magic {unknown}
 A - a potion of brilliance {unknown}
 F - a potion of degeneration {unknown}
 G - a potion of invisibility {unknown}
 I - a potion of heal wounds {unknown}
 J - a potion of experience {unknown}


   Skills:
 + Level 7.5 Fighting
 + Level 7.6 Long Blades
 + Level 6.3 Armour
 - Level 3.0 Shields
 - Level 2.0 Spellcasting


You had 12 spell levels left.
You didn't know any spells.

Dungeon Overview and Level Annotations

Branches:
Dungeon (8/15)             Temple (1/1) D:6            Lair (0/6) D:8

Altars:
Ashenzari
Cheibriados
Dithmenos
Elyvilon
Fedhas
Gozag
Hepliaklqana
Makhleb
Okawaru
Qazlal
Ru
Sif Muna
Trog
Uskayaw
Vehumet
Wu Jian
Xom
Zin
The Shining One
Lugonu

Shops:
D:4 *   D:5 *   D:6 ?

Annotations:
D:4 braks's ghost, amateur OgWr


Innate Abilities, Weirdness & Mutations

You do not heal naturally.
You are immune to poison.
You have razor-sharp teeth.
You have supernaturally acute eyesight. (SInv)
((You can survive without breathing.))


Message History

5 stones; a poisoned needle; an enchanted short sword You see here a poisoned needle.
Unknown command.
The killer bee completely misses you. The killer bee misses you.
The killer bee closely misses you. The killer bee stings you.
* * * LOW HITPOINT WARNING * * *
One of your 11 potions of blood rots away.
The killer bee barely misses you.
There is an open door here.
The killer bee stings you.
* * * LOW HITPOINT WARNING * * *
There is a stone staircase leading up here.
The killer bee stings you.
* * * LOW HITPOINT WARNING * * *
The killer bee stings you!
* * * LOW HITPOINT WARNING * * *
The killer bee stings you.
You die...

##.##.# ##'## #.# #.#.#.# ##...##
##.# .#.#..## ##.....## ##..#
#...#..## ##.......## ##..##
.....#..####.........####..(#####
.≈≈≈.#.....'.........+.......(...
≈...≈#..####.........####...#####
≈._.≈#.## ##.......## ##%.#####
≈...≈#..# ##>.b..## ##.......#
.≈≈≈.#..### ##.yy## ##.....##.#
.....#....# ##'## #.......#
#...#...#># #.# #.......#
.#.#.##.### #.# #.......#
..#.###.# ##.## ##.....##
.#..###.# ##...## ##...###.#
.#......# #.....# #.....).#
....)...# ##...## ##.######


You could see 2 killer bees.

Vanquished Creatures
  Pikel (D:5)
  A hippogriff (D:7)
  An ice beast (D:5)
  A phantom (D:5)
  An orc warrior (D:6)
  3 slaves (D:6)
  A necrophage (D:5)
  An ogre (D:6)
  2 centaurs
  A big kobold (D:8)
  4 bullfrogs
  A water moccasin skeleton (D:6)
  A scorpion (D:4)
  A howler monkey (D:6)
  A centaur zombie (D:5)
  2 crimson imps
  A quasit (D:8)
  5 orc priests
  5 hounds
  A jelly (D:6)
  7 orc wizards
  2 iguanas
  3 worker ants
  A hound zombie (D:8)
  A hound skeleton (D:4)
  A howler monkey zombie (D:6)
  2 worker ant zombies (D:5)
  A howler monkey skeleton (D:8)
  3 gnolls (D:6)
  11 adders
  3 oozes
  An adder skeleton (D:6)
  A worm (D:4)
  A dart slug (D:4)
  2 leopard geckos
  23 orcs
  9 bats
  2 giant cockroaches
  8 goblins
  10 hobgoblins
  10 jackals
  12 kobolds
  4 quokkas
  2 ball pythons
  5 frilled lizards
  A leopard gecko zombie (D:6)
  2 quokka skeletons
  4 rats
167 creatures vanquished.

Notes
Turn   | Place    | Note
-------+----------+-------------------------------------------
     0 | D:1      | KarmaPolice the Vampire Fighter began the quest for the Orb.
     0 | D:1      | Reached XP level 1. HP: 17/17 MP: 1/1
   243 | D:1      | Reached XP level 2. HP: 16/24 MP: 2/2
   722 | D:1      | Reached XP level 3. HP: 29/29 MP: 3/3
  1227 | D:2      | Found a shimmering altar of Xom.
  1251 | D:2      | Reached XP level 4. HP: 35/35 MP: 4/4
  1428 | D:3      | Found an iron altar of Okawaru.
  2333 | D:4      | Reached XP level 5. HP: 31/42 MP: 5/5
  3231 | D:4      | Found Arigaewn's Assorted Antiques.
  3291 | D:4      | Reached XP level 6. HP: 48/49 MP: 6/6
  3563 | D:4      | Noticed braks's ghost (amateur OgWr)
  3655 | D:4      | Found a glowing silver altar of Zin.
  4003 | D:4      | Found a shattered altar of Ashenzari.
  4255 | D:5      | Entered Level 5 of the Dungeon
  4406 | D:5      | Reached skill level 5 in Fighting
  4420 | D:5      | Noticed an ice beast
  4543 | D:5      | Found an opulent altar of Gozag.
  4632 | D:6      | Reached XP level 7. HP: 40/56 MP: 7/7
  4819 | D:6      | Found Veewkid's Magic Scroll Boutique.
  4828 | D:6      | Bought a scroll of identify for 26 gold pieces
  4828 | D:6      | Bought a scroll of remove curse for 39 gold pieces
  5257 | D:5      | Reached skill level 5 in Long Blades
  5431 | D:5      | Found Suybb's Assorted Antiques.
  6042 | D:6      | Found a radiant altar of Vehumet.
  6046 | D:6      | Reached XP level 8. HP: 43/64 MP: 8/8
  6707 | D:6      | Reached skill level 1 in Spellcasting
  6754 | D:6      | Reached skill level 5 in Armour
  6903 | D:6      | Found a staircase to the Ecumenical Temple.
  6915 | Temple   | Entered the Ecumenical Temple
  7345 | D:6      | Found an ornate altar of the Wu Jian Council.
  7465 | D:6      | Noticed Pikel
  7640 | D:5      | Killed Pikel
  7754 | D:5      | Reached XP level 9. HP: 70/71 MP: 12/12
  8398 | D:7      | Found a hide-covered altar of Uskayaw.
  8744 | D:7      | Found a hazy altar of Hepliaklqana.
  9415 | D:8      | Found a sacrificial altar of Ru.
  9534 | D:8      | Found a staircase to the Lair.
  9669 | D:8      | HP: 2/72 [killer bee (8)]
  9669 | D:8      | Slain by a killer bee

Vault maps used:
D:1:      tarquinn_simple_flora_water_d
D:2:      lemuel_round_altar, first_bread
D:3:      overflow_temple_1_default, moated_statue
D:4:      zin_statuary, serial_shops, shop_fountains, evilmike_ruin_ashenzari
D:5:      kennysheep_mini_moat, serial_shops, nicolae_shop_trees
D:6:      vehumet_altar_wand_db, old_standard_altar,
          minmay_temple_entry_glassed_door, serial_shops, shop, uniq_pikel
D:7:      marbit_many_paths, lemuel_crystal_altar
D:8:      nicolae_ru_awakened_eye, yredelemnul_forgotten_temple_becter,
          lair_entry_dummy, hangedman_little_slice_of_home,
          nicolae_elemental_shop
Temple:   corrupted_temple

Skill      XL: |  1  2  3  4  5  6  7  8  9 |
---------------+----------------------------+-----
Fighting       | 3 4 5 6 7 |  7.5
Long Blades    | 3 4 5 6 7 |  7.6
Armour         | 3 4 5 6 |  6.3
Shields        | 3 |  3.0
Spellcasting   | 2 |  2.0

Action                   |  1- 3 |  4- 6 |  7- 9 || total
-------------------------+-------+-------+-------++-------
Melee: Long sword        |   131 |   160 |    74 ||   365
       Bite              |    11 |    24 |    63 ||    98
       Whip              |       |    52 |   339 ||   391
 Abil: Bat Form          |       |     1 |     1 ||     2
       End Transformatio |       |     1 |       ||     1
  Use: Potion            |       |     5 |     4 ||     9
  Eat: Corpse            |     1 |     1 |     4 ||     6
Armor: Scale mail        |    85 |    96 |   231 ||   412
Dodge: Dodged            |    44 |    64 |   130 ||   238
Block: Shield            |    60 |    89 |   178 ||   327
       Rpst.: Long sword |    16 |    15 |     5 ||    36
